[Event "Romanian Team Blitz Open 2022"]
[Site "Sebes"]
[Date "2022.12.04"]
[Round "6.30"]
[White "Tinta, Gheorghe"]
[Black "Campian, Cristian"]
[Result "1-0"]
[ECO "D02"]
[WhiteElo "1855"]
[BlackElo "1998"]
[Annotator "TA"]
[PlyCount "97"]
[EventDate "2022.12.04"]
[EventType "blitz"]
[EventCountry "ROU"]
[SourceTitle "playchess.com"]
[Source "ChessBase"]
[SourceQuality "1"]
[TimeControl "180+2"]

1. d4 d5 2. Nf3 Nf6 3. g3 c6 4. Bg2 Bg4 5. Ne5 Bf5 6. O-O Nbd7 {[%emt 0:00:10] D02: 1 d4 d5 2 Nf3 sidelines, including 2...Nf6 3 g3 and 2...Nf6 3 Bf4.} 7. Nxd7 Nxd7 {[%emt 0:00:00] [#]} 8. f3 $146 (8. c4 $5 ) ({Predecessor:} 8. c4 dxc4 9. Na3 e5 10. Nxc4 exd4 11. Qxd4 Nf6 12. Qe5+ Be6 13. Bf4 Nd7 14. Nd6+ Bxd6 15. Qxd6 {1-0 (39) Ziltener,W (2049)-Gudat,A (2051) Bad Woerishofen 2001}) 8... e5 {[%emt 0:00:00] The position is equal.} 9. e4 dxe4 10. fxe4 Bg6 11. c3 Be7 12. Qb3 (12. Be3 $11) 12... Qb6 (12... O-O $15) 13. Qxb6 axb6 14. Be3 b5 15. Nd2 O-O 16. a3 Rad8 17. Nb3 f6 18. Rad1 Bh5 {[%emt 0:00:00] Prevents d5.} 19. Rd2 Bg6 20. h3 (20. d5 $14 cxd5 21. exd5 (21. Rxd5 Bf7 $11)) 20... f5 (20... exd4 $15 {keeps the upper hand.} 21. cxd4 b4) 21. exf5 $16 Rxf5 22. Rxf5 Bxf5 23. g4 Bg6 24. d5 Nf6 (24... e4 $14) 25. dxc6 bxc6 26. Rxd8+ Bxd8 27. Bxc6 b4 {[%emt 0:00:00][%mdl 8192] [#]} (27... Be8 $16 {keeps fighting.}) 28. axb4 $18 (28. cxb4 Bf7 29. Nc5 Bd5 $18) 28... e4 29. g5 Nh5 30. Bd5+ Kf8 31. h4 Ng3 32. Kf2 Nf5 33. Nc5 ({Don't do} 33. Bxe4 Nxe3 34. Kxe3 Bf7 $18) 33... Nxh4 $2 (33... Ke7 34. Bxe4 Nxh4 35. Bxg6 Nxg6) 34. Ne6+ Ke8 35. Nxg7+ Kd7 36. Ne6 {[%emt 0:00:06] [#] Hoping for Nxd8.} Be7 37. Bb3 {[%emt 0:00:04] And now Nd4 would win.} Nf5 38. b5 $2 (38. Bc5 $18) 38... Bf7 $2 (38... Nxe3 $11 {and Black stays safe.} 39. Kxe3 Bf5) 39. Nd4 Nxd4 $2 (39... Nxe3 40. Kxe3 (40. Bxf7 Nd1+ 41. Ke2 Nxb2 $16) 40... Bg6 41. Be6+ Kd6) 40. Bxf7 Nxb5 {[%emt 0:00:02][%mdl 4096] Endgame KBB-KBN} 41. c4 Nd6 42. Bd5 Nf5 43. b3 $2 ({Not} 43. Bxe4 Nxe3 44. Kxe3 Bxg5+ 45. Kd3 Be7 $14) (43. Bf4 $18) 43... Bb4 $2 (43... Nxe3 $11 44. Kxe3 Bxg5+ 45. Kxe4 h5) 44. Ba7 Bd2 45. Bxe4 Nd4 (45... Ke6 $18 46. Kf3 Nd6 47. Bxh7 Bxg5) 46. Bxd4 {[%emt 0:00:02] White mates.} Bxg5 47. Bxh7 Be7 48. Kf3 Kc6 49. Be4+ {[%emt 0:00:00] Weighted Error Value: White=0.23 (precise) /Black=0.48} 1-0

[Event "Romanian Team Blitz Open 2022"]
[Site "Sebes"]
[Date "2022.12.04"]
[Round "6.31"]
[White "Sandru, Nicolae"]
[Black "Dumitrascu, Daniel"]
[Result "0-1"]
[ECO "D00"]
[WhiteElo "1647"]
[BlackElo "1694"]
[Annotator "NA COMBH"]
[PlyCount "82"]
[EventDate "2022.12.04"]
[EventType "blitz"]
[EventCountry "ROU"]
[SourceTitle "playchess.com"]
[Source "ChessBase"]
[SourceQuality "1"]
[TimeControl "180+2"]

1. d4 Nf6 2. Bf4 d5 3. e3 c5 4. c3 Nc6 5. Nd2 e6 6. Bd3 Bd6 7. Bg3 b6 8. Ngf3 c4 9. Bc2 b5 10. a3 a5 11. Ne5 Bxe5 12. dxe5 Nd7 13. f4 Bb7 14. O-O Qb6 15. Qe2 Nc5 16. Bf2 Rc8 17. e4 Ne7 18. exd5 Bxd5 19. Ne4 Bxe4 20. Bxe4 Qc7 21. Bc2 O-O 22. Rad1 Nd5 23. Bd4 Nd7 24. f5 exf5 25. Bxf5 Nc5 26. Bxc8 Qxc8 27. Rf3 Ne6 28. Bf2 Ne7 29. Rf1 Ng6 30. Bg3 Nc5 31. Qe3 Nd3 32. e6 fxe6 33. Rxf8+ Nxf8 34. Qf3 Ng6 35. Qf7+ Kh8 36. h3 Nxb2 37. Bf2 Nd3 38. Bd4 e5 39. Be3 b4 40. h4 bxc3 41. h5 Ngf4 0-1

[Event "Romanian Team Blitz Open 2022"]
[Site "Sebes"]
[Date "2022.12.04"]
[Round "6.32"]
[White "Carac, Radu-Ionut"]
[Black "Tarciuc, Ianis-Mihai"]
[Result "0-1"]
[ECO "E94"]
[WhiteElo "1569"]
[BlackElo "1642"]
[Annotator "NA RC COMBH"]
[PlyCount "42"]
[EventDate "2022.12.04"]
[EventType "blitz"]
[EventCountry "ROU"]
[SourceTitle "playchess.com"]
[Source "ChessBase"]
[SourceQuality "1"]
[TimeControl "180+2"]

1. d4 Nf6 2. c4 g6 3. Nc3 Bg7 4. e4 d6 5. Be2 O-O 6. Nf3 Nbd7 7. O-O e5 8. d5 a5 9. b3 Nc5 10. Qc2 Ne8 11. a3 f5 12. Nd2 Nf6 13. f3 f4 14. Bb2 g5 15. b4 Ncd7 16. Na4 h5 17. c5 g4 18. cxd6 cxd6 19. Nc4 b5 20. Nxd6 bxa4 21. Qxa4 Qb6+ 0-1

[Event "Romanian Team Blitz Open 2022"]
[Site "Sebes"]
[Date "2022.12.04"]
[Round "7.1"]
[White "Anton, Teodor"]
[Black "Lupulescu, Constantin"]
[Result "0-1"]
[ECO "D51"]
[WhiteElo "2438"]
[BlackElo "2591"]
[Annotator "TA"]
[PlyCount "84"]
[EventDate "2022.12.04"]
[EventType "blitz"]
[EventCountry "ROU"]
[SourceTitle "playchess.com"]
[Source "ChessBase"]
[SourceQuality "1"]
[TimeControl "180+2"]

1. Nf3 d5 2. d4 Nf6 3. c4 e6 4. Nc3 Nbd7 5. Bg5 c6 6. e3 h6 7. Bh4 g5 {[%emt 0:00:01] D51: Queen's Gambit Declined: 4 Bg5 Nbd7 sidelines.} 8. Bg3 Nh5 9. Bd3 Nxg3 {[%emt 0:00:02] White is slightly better.} 10. hxg3 Bg7 11. Qc2 Qe7 {[%emt 0:00:14] [#]} 12. O-O $146 ({Predecessor:} 12. O-O-O O-O 13. Kb1 b5 14. cxd5 cxd5 15. Bxb5 Rb8 16. Ka1 Nb6 17. Ne5 Bb7 18. f4 {1-0 (55) Martirosyan,H (2632)-Nihal,S (2620) Chess.com INT 2021}) 12... O-O 13. Rfe1 dxc4 14. Bxc4 b6 15. e4 g4 16. Nh2 h5 17. e5 Bb7 (17... c5 $1 $15 18. Ne2 cxd4) 18. Qe4 ({White should try} 18. f4 $1 $14) 18... Rfd8 (18... Rfb8 $5 ) 19. Bd3 {[%emt 0:00:02] [#]} (19. Rad1 $11 {keeps the balance.}) 19... Nf8 $1 $36 {[%emt 0:00:01][%mdl 2048] Black is in control. White is now going downhill.} 20. Qe3 c5 21. dxc5 Qxc5 22. Qe2 (22. Qxc5 $17 {was called for.} bxc5 23. Be4 Bxe4 24. Rxe4) 22... Nd7 $19 ({Weaker is} 22... Qc6 23. Be4 Qc7 24. Bxb7 Qxb7 25. f4 $11) 23. Be4 Bxe4 24. Qxe4 (24. Nxe4 $142 Qxe5 25. Rab1) 24... Nxe5 {[%emt 0:00:06] Hoping for ...Nd3.} (24... Bxe5 25. Rad1 Bxc3 26. bxc3) 25. Rad1 Rac8 26. Nf1 Nc4 27. Qb7 Rxd1 (27... Nxb2 $2 {is the wrong capture.} 28. Ne4 Qf8 29. Rxd8 Qxd8 30. Qxa7) 28. Nxd1 Qc7 {[%emt 0:00:03] Inhibits b3.} 29. Qa6 Nxb2 ({And not} 29... Bxb2 30. Nxb2 Nxb2 31. Qb5 $15) 30. Nxb2 Bxb2 31. Ne3 (31. Qb5 {might work better.} Bc3 32. Rc1) 31... Bd4 32. Qb5 Qc5 33. Qd7 Rc7 34. Qd8+ Kg7 {[%emt 0:00:03] White must now prevent ...Rc8.} 35. Kh2 (35. Nf5+ $142 Qxf5 36. Qxd4+ Qf6 37. Qa4) 35... Bf6 36. Qd3 Qc3 37. Qd1 Qd4 38. Qe2 Qb2 39. Qxb2 Bxb2 40. Re2 Bd4 41. f3 gxf3 42. gxf3 Bxe3 {[%emt 0:00:02] Weighted Error Value: White=0.30/Black=0.09 (flawless)} 0-1

[Event "Romanian Team Blitz Open 2022"]
[Site "Sebes"]
[Date "2022.12.04"]
[Round "7.2"]
[White "Jianu, Vlad-Cristian"]
[Black "David, Alexandru-Vasile"]
[Result "1-0"]
[ECO "A30"]
[WhiteElo "2516"]
[BlackElo "2404"]
[Annotator "TA"]
[PlyCount "111"]
[EventDate "2022.12.04"]
[EventType "blitz"]
[EventCountry "ROU"]
[SourceTitle "playchess.com"]
[Source "ChessBase"]
[SourceQuality "1"]
[TimeControl "180+2"]

1. Nf3 g6 2. g3 Bg7 3. Bg2 c5 4. O-O Nc6 5. c4 Nh6 6. Nc3 O-O 7. d3 Nf5 8. Rb1 a6 9. a3 Rb8 {[%emt 0:00:03] A30: Symmetrical English: Double Fianchetto and Hedgehog.} 10. Bd2 b5 11. cxb5 axb5 {[%emt 0:00:02] The position is equal.} 12. b4 cxb4 13. axb4 d6 14. e3 e6 15. Qb3 {[%emt 0:00:36] [#]} Qb6 $146 ({Predecessor:} 15... d5 16. Ne2 Re8 17. Rfc1 Rb6 18. Ne1 Bb7 19. Rc2 Qd7 20. Ra2 Ra8 21. Rxa8+ Bxa8 {½-½ (28) Kempinski,R (2619)-Babula,V (2604) Saint Vincent 2005}) 16. Rfc1 Bb7 17. Ne2 Rfc8 18. Rc2 Nce7 (18... Ne5 $11 19. Nxe5 Bxe5) 19. Rbc1 (19. e4 $14) 19... Rxc2 $11 20. Rxc2 Ra8 {[%emt 0:00:00] Threatens to win with ...Bd5.} 21. Ra2 (21. e4 {feels hotter.} Ra1+ 22. Bf1 Qa7 23. Bc3) 21... Rc8 {[%emt 0:00:01] Hoping for ...Bd5.} (21... Rxa2 {simplifies} 22. Qxa2 Nc6 23. Ne1 Qc7) 22. Rc2 Ra8 23. Ra2 (23. e4 {looks sharper.} Ra1+ 24. Bf1 Qa7 25. Bc3) 23... Rc8 24. Rc2 Ra8 25. Ra2 (25. e4 {is interesting.} Ra1+ 26. Bf1 Qa7 27. Bc3) 25... Rd8 (25... Rc8 $11 26. e4 Nd4 27. Nfxd4 Bxd4) 26. e4 $16 Nd4 (26... Nh6 $16 {was called for.}) 27. Nexd4 $18 Bxd4 28. Nxd4 Qxd4 29. Bg5 (29. Be3 $1 $18 Qe5 30. Ra7) 29... Kf8 $2 (29... h6 $16 30. Be3 (30. Bxe7 Rd7 $16) (30. Bxh6 Nc6 $16) 30... Qh8) 30. Bh6+ {[%emt 0:00:03] This pair of bishops is nice.} (30. Be3 $142 Qe5 31. d4) 30... Ke8 (30... Kg8 $142) 31. Be3 Qg7 32. Ra7 {[%emt 0:00:39] Inhibits g5.} Bc6 (32... Rd7 {was worth a try.} 33. Qc2 Qh8) 33. Qc2 {[%emt 0:00:00][%cal Oe4e5] aiming for e5!} Rc8 {[%emt 0:00:00] Prevents e5.} 34. h4 (34. d4 $18 {and White stays clearly on top.}) 34... Bd7 $16 35. Qa2 {[%emt 0:00:00] And now d4 would win. White has more active pieces.} Qc3 (35... Nc6 $14) 36. Qd2 (36. Qa6 $1 $16 Qc6 37. Qa5) 36... Qxd2 $11 37. Bxd2 Rc2 38. Bf4 e5 39. Bg5 {[%emt 0:00:00] Bxe7 is the strong threat.} Nc8 40. Rb7 h5 41. f4 Rc3 42. fxe5 (42. Bf1 $5 ) 42... dxe5 {[%emt 0:00:00] [#]} (42... Rxd3 $11 {remains equal.} 43. exd6 Rxd6) 43. Bf1 $1 $16 Nd6 ({Black should try} 43... Rc6) 44. Rb8+ Rc8 $2 (44... Nc8 $16 45. Bf6 Rb3 46. Bxe5 Rxb4) 45. Rb6 $18 Rc6 46. Rb8+ Rc8 47. Rb6 Rc6 {[%emt 0:00:01] [#]} 48. Rxc6 Bxc6 {[%emt 0:00:01][%mdl 4096] Endgame KBB-KBN} 49. Bf6 Kd7 50. Bxe5 f5 $2 (50... Ke7 51. Bf4 Ne8) 51. Bxd6 {[%emt 0:00:08] White is clearly winning.} Kxd6 52. exf5 gxf5 53. Kf2 Ke5 54. Ke3 Bd7 55. Be2 Be8 56. Bf3 {[%emt 0:00:18] Weighted Error Value: White=0.40/Black=0.34} 1-0

[Event "Romanian Team Blitz Open 2022"]
[Site "Sebes"]
[Date "2022.12.04"]
[Round "7.3"]
[White "Ghimpu, Samuel-Timotei"]
[Black "Parligras, Mircea-Emilian"]
[Result "1/2-1/2"]
[ECO "C54"]
[WhiteElo "2455"]
[BlackElo "2567"]
[Annotator "TA"]
[PlyCount "91"]
[EventDate "2022.12.04"]
[EventType "blitz"]
[EventCountry "ROU"]
[SourceTitle "playchess.com"]
[Source "ChessBase"]
[SourceQuality "1"]
[TimeControl "180+2"]

1. e4 e5 2. Nf3 Nc6 3. Bc4 Bc5 4. c3 Nf6 5. d3 a6 6. Nbd2 d6 7. h3 Ba7 8. Bb3 h6 {[%emt 0:00:04] C54: Giuoco Piano: 4 c3 Nf6, main lines with 5 d4 and 5 d3.} 9. Nf1 Be6 10. Ng3 O-O 11. O-O Bxb3 12. Qxb3 Qd7 13. Be3 (13. Qxb7 $2 Rfb8 $19) (13. Re1 {is more complex.} Rfe8 14. Bd2 d5 15. Nf5) 13... Ne7 {[%emt 0:00:16] [#]} 14. Bxa7 $146 (14. Qxb7 $2 {is the wrong capture.} Bxe3 15. Qb3 (15. fxe3 $2 {loses.} Rfb8 $19) 15... Bf4 $19) ({Predecessor:} 14. d4 Ng6 15. Z0 {0-1 (15) Adhiban,B (2624)-Kuljasevic,D (2564) Konya 2014}) 14... Rxa7 15. d4 Ng6 16. Rad1 Qb5 17. Rfe1 Qxb3 18. axb3 Raa8 19. Nd2 Rfe8 20. f3 Rad8 21. dxe5 dxe5 22. Nc4 b5 23. Na5 Nf4 24. Nc6 Rxd1 25. Rxd1 Re6 {[%emt 0:00:01] [#]} 26. Rd8+ (26. Nf5 $1 $14) 26... Kh7 $11 27. Nb4 a5 28. Nd5 N6xd5 29. exd5 {[%emt 0:00:01][%mdl 4096] Endgame KRN-KRN} Rg6 30. Kh2 f5 (30... a4 $11) 31. Rf8 {[%emt 0:00:05] [#]} ({Better is} 31. Rd7 $1 $14) 31... Nxg2 $1 32. Rxf5 (32. Kxg2 $5 f4 33. Rc8 $11) 32... Nh4 33. Rf7 $1 Rf6 34. Rxc7 Nxf3+ 35. Kg2 Nh4+ 36. Kg1 $1 Rg6 $2 (36... Rf3 $1 $14 37. Ne4 Rd3) 37. Kf2 $18 Rf6+ 38. Ke2 Rg6 39. Ne4 {[%emt 0:00:01] Strongly threatening d6.} Rg2+ $2 (39... Nf5 40. Kf2 Ra6) 40. Kd3 (40. Kf1 $142 {Hoping for d6.} Rh2 41. d6 Rh1+ 42. Kf2) 40... Nf3 41. d6 $2 (41. Ke3 $18 Nh4 42. d6 Nf5+ 43. Kd3 Nxd6 44. Nxd6) 41... Ne1+ $11 {[%emt 0:00:01] The position is equal.} 42. Ke3 Nc2+ 43. Kf3 Ne1+ 44. Ke3 Nc2+ 45. Kd3 Ne1+ 46. Ke3 {[%emt 0:00:03] Weighted Error Value: White=0.31/Black=0.30} 1/2-1/2

[Event "Romanian Team Blitz Open 2022"]
[Site "Sebes"]
[Date "2022.12.04"]
[Round "7.4"]
[White "Gavrilescu, David"]
[Black "Talu, Mircea"]
[Result "0-1"]
[ECO "B15"]
[WhiteElo "2523"]
[BlackElo "2327"]
[Annotator "TA"]
[PlyCount "100"]
[EventDate "2022.12.04"]
[EventType "blitz"]
[EventCountry "ROU"]
[SourceTitle "playchess.com"]
[Source "ChessBase"]
[SourceQuality "1"]
[TimeControl "180+2"]

1. e4 g6 2. d4 Bg7 3. Nf3 c6 4. Bd3 d5 5. Nbd2 dxe4 6. Nxe4 Nf6 7. Nxf6+ exf6 8. h3 O-O 9. O-O Re8 {[%emt 0:00:02] B15: Caro-Kann: 3 Nc3: 3...g6 and 3...dxe4 4 Nxe4 Nf6 5 Nxf6+ exf6.} 10. Bf4 Nd7 11. Qd2 Nf8 {[%emt 0:00:15] The position is equal.} 12. c3 Be6 {[%emt 0:00:03] [#]} 13. c4 $146 ({Predecessor:} 13. Rfe1 Qd7 14. Bh6 Rad8 15. Bxg7 Kxg7 16. Qc2 Bd5 17. Be4 Ne6 18. Bxd5 Qxd5 19. Rad1 {½-½ (54) Hansen,S (2274)-Hamley,R (2039) Chess.com INT 2021}) 13... Qd7 14. Rad1 Bf5 15. Bxf5 Qxf5 16. d5 Rad8 17. d6 (17. Nd4 $11 Qd7 18. Ne2) 17... Re4 $15 18. Bg3 Rxc4 19. Rfe1 Ne6 20. b3 {[%emt 0:00:09] [#]} (20. Qe2 $11 Rc2 21. Qe3) 20... Rc5 (20... Rc2 $6 21. Qe3 (21. Qb4 Rd7 $11) 21... Rc5 22. Nd4 Nxd4 23. Qe7 $14) (20... Re4 $1 $17) 21. Qb4 Rb5 22. Qa4 Ra5 (22... Qc5 $5 ) 23. Qb4 Qb5 (23... Rxa2 24. Qxb7 Bf8 25. Qxc6 $14) 24. Qg4 {[%emt 0:00:07] Threatens to win with Rxe6.} Qf5 (24... Rxa2 $6 25. Nd4 f5 26. Qh4 $11) (24... Qh5 $17 25. Qc4 Rc5) 25. Qb4 $1 $11 Qb5 (25... Rxa2 26. Qxb7 Bf8 27. Qxc6 $14) (25... Rd7 $11) 26. Qg4 $15 {[%emt 0:00:08] Black must now prevent Rxe6.} Qf5 (26... Rxa2 27. Nd4 f5 28. Qh4 Bxd4 29. Rxe6 $18) ({Black should play} 26... Qh5 $15 27. Qc4 Rc5) 27. Qc4 (27. Qb4 $1 $11 {remains equal.}) 27... Bf8 $17 (27... Rxa2 $2 28. Nd4 (28. d7 c5 $16) 28... Nxd4 29. Qxd4 $18) 28. d7 $2 {[%emt 0:00:09] [#] This costs White the game.} ({White should try} 28. Qc3 $15) 28... Rd5 $1 $19 (28... Rxa2 $2 29. Nd4 Nxd4 30. Qxd4 $18) 29. Rxd5 Qxd5 30. Qc3 Bg7 ({Not} 30... Qxd7 31. Qxf6 Be7 32. Qb2 $17) 31. Qe3 a6 ({Inferior is} 31... Qxd7 32. Qxa7 g5 33. Qa3) 32. Nd2 Qxd7 33. Nc4 b5 34. Nd6 (34. Nb2 {was worth a try.}) 34... f5 35. Rd1 f4 36. Bxf4 Nxf4 37. Qxf4 Bf8 38. g3 Bxd6 39. Qf3 Qc7 40. Rc1 c5 41. Re1 Bf8 42. h4 h5 {[%emt 0:00:01] And now ...c4 would win.} 43. Qe4 Qd6 44. Re2 Qd1+ 45. Kh2 Rd2 46. Rxd2 Qxd2 47. Kg2 Qxa2 {[%emt 0:00:01] Hoping for ...c4.} 48. Qd5 c4 {[%emt 0:00:03] Black mates.} 49. bxc4 Qxc4 50. Qb7 b4 {[%emt 0:00:02] Weighted Error Value: White=0.38/Black=0.13 (very precise)} 0-1

[Event "Romanian Team Blitz Open 2022"]
[Site "Sebes"]
[Date "2022.12.04"]
[Round "7.5"]
[White "Nastase, Robert-Paul"]
[Black "Soltanici, Ruslan"]
[Result "0-1"]
[ECO "B99"]
[WhiteElo "2229"]
[BlackElo "2357"]
[Annotator "TA"]
[PlyCount "84"]
[EventDate "2022.12.04"]
[EventType "blitz"]
[EventCountry "ROU"]
[SourceTitle "playchess.com"]
[Source "ChessBase"]
[SourceQuality "1"]
[TimeControl "180+2"]

1. e4 c5 2. Nf3 d6 3. d4 cxd4 4. Nxd4 Nf6 5. Nc3 a6 6. Bg5 e6 7. f4 Be7 8. Qf3 h6 9. Bh4 Qc7 10. O-O-O Nbd7 11. g4 g5 12. fxg5 Ne5 13. Qg3 {[%emt 0:00:23] 13.Qe2 is more advanced technology. B99: Sicilian Najdorf: 6 Bg5 e6 7 f4 Be7 8 Qf3 Qc7 9 0-0-0 Nbd7.} Nfxg4 14. gxh6 Bxh4 15. Qxh4 {[%emt 0:00:01] The position is equal.} Qe7 16. Qg3 (16. Qxe7+ Kxe7 17. Rd2 Rxh6 $17) 16... Qg5+ ({But not} 16... Nxh6 17. Be2 $14) ({Much worse is} 16... Rxh6 17. h4 $11) 17. Rd2 Qe3 {[%emt 0:00:16] [#]} (17... Qxh6 {simplifies} 18. Nf3 Qe3 19. Be2 Nxf3 20. Qxf3 Qxf3 21. Bxf3 Ne5) 18. Be2 $146 {[%emt 0:01:06] [#]} ({Predecessor:} 18. Nb3 Qxg3 19. hxg3 Ke7 20. Be2 Rxh6 21. Rhd1 Ne3 22. Re1 Bd7 23. Na5 Ra7 24. Bd1 Nxd1 25. Rexd1 {½-½ (36) Ochsner,B (2287)-Mikkelsen,N (2412) Skorping 2014}) 18... Rxh6 $1 {[%emt 0:00:04] aiming for ...Qxg3.} 19. Qxe3 (19. Qe1 {is interesting.} Bd7 20. Nd1 Qxe4 21. Bxg4 Qxe1 22. Rxe1 Nxg4 23. Nf5) 19... Nxe3 20. Rg1 (20. h4 $11 {remains equal.}) 20... Rg6 (20... Ke7 $17 21. Rg3 N3c4 22. Bxc4 Nxc4) 21. Rxg6 $11 Nxg6 22. Rd3 Ng2 23. Rg3 N2f4 24. Bf3 (24. h4 $11) 24... Ke7 $15 25. Nce2 Nxe2+ 26. Nxe2 Bd7 27. Rh3 Ne5 28. Kd2 Rc8 29. c3 (29. Bg2 $142) 29... Nc4+ 30. Kc2 b5 {[%emt 0:00:05] Black is more active.} 31. Nd4 {[%emt 0:00:01] [#]} (31. b3 $17 Ne5 32. Bg2) 31... a5 (31... Ne3+ $1 $19 32. Kd2 e5 33. Nf5+ Nxf5 34. exf5 Bxf5) 32. Be2 (32. Rh5 $17) 32... e5 $19 33. Nf5+ Bxf5 34. exf5 {[%emt 0:00:00][%mdl 4096] Endgame KRB-KRN} d5 ({Black should play} 34... Kf6 35. Bf3 b4) 35. Rh6 $17 Ne3+ ({Black should try} 35... Rg8 $17 {And now ...Rg2 would win.} 36. Bxc4 bxc4) 36. Kb3 $2 (36. Kd2 $1 $11 Nc4+ 37. Ke1) 36... Nxf5 $19 37. Ra6 (37. Rh5 {is a better defense.} Kf6 38. Bxb5) 37... a4+ 38. Kb4 Nd6 39. Bxb5 $2 (39. h4) 39... Rb8 {[%emt 0:00:01] Black is clearly winning.} 40. Ra5 e4 41. Kxa4 Rxb5 42. Rxb5 Nxb5 {Weighted Error Value: White=0.81/Black=0.18 (very precise)} 0-1

[Event "Romanian Team Blitz Open 2022"]
[Site "Sebes"]
[Date "2022.12.04"]
[Round "7.6"]
[White "Cosma, Ioan"]
[Black "Daianu, Cristian-Clement"]
[Result "1-0"]
[ECO "A27"]
[WhiteElo "2368"]
[BlackElo "2189"]
[Annotator "TA"]
[PlyCount "57"]
[EventDate "2022.12.04"]
[EventType "blitz"]
[EventCountry "ROU"]
[SourceTitle "playchess.com"]
[Source "ChessBase"]
[SourceQuality "1"]
[TimeControl "180+2"]

1. c4 e5 2. Nc3 Nc6 3. Nf3 f5 4. d4 e4 5. Ng1 Nf6 6. Bg5 {[%emt 0:00:04] A27: English Opening: Three Knights Variation.} Be7 (6... Bb4 $11 {should be considered.}) 7. e3 $14 d6 8. h4 {[%emt 0:00:01] White is slightly better.} O-O 9. Nh3 {[%emt 0:00:02] [#]} a6 $146 (9... h6 $11 {deserves consideration.}) ({Predecessor:} 9... Qe8 10. Nf4 Nd8 11. c5 c6 12. d5 Kh8 13. Bc4 Nf7 14. dxc6 bxc6 15. cxd6 Nxd6 {½-½ (60) Tiller,B (2300)-Bellin,J Baerum 1980}) 10. Nf4 $16 Qe8 11. Rc1 Bd7 12. Ncd5 Rc8 13. Be2 {[%emt 0:00:08] White has more active pieces.} Nxd5 14. cxd5 Nd8 15. Bh5 (15. Bxe7 {simplifies} Qxe7 16. g3 Rf7 17. Kf1) 15... g6 16. Be2 Nf7 (16... Bxg5 $11 17. hxg5 Qe7) 17. Bxe7 Qxe7 18. Qb3 Nd8 19. g3 Kh8 20. Qd1 Be8 21. g4 Bd7 22. gxf5 ({White should try} 22. g5 $16) 22... Bxf5 $14 23. Bg4 {[%emt 0:00:04] Bxf5 is the strong threat.} Qf7 (23... Qd7 $14 24. Bxf5 Rxf5) 24. Rg1 $16 Qf6 25. Bxf5 Qxf5 26. Rg5 (26. Qg4 $16) 26... Qf6 $1 $11 27. Qg4 Nf7 28. Nxg6+ hxg6 29. Rxg6 {[%emt 0:01:19][%mdl 32768] Weighted Error Value: White=0.20 (precise) /Black=0.20 (precise) . Loss on time!?} 1-0